cohdb
Replays
Latest Replays
All Replays
Popular Replays
Top Player Replays
Match Explorer
How It Works
Community
CoH3 Stats
Reddit
Sign in to upload your games and track your stats! →
Sign in with Steam
Match 41564942
Unlisted
Match 41564942
Overview
Messages
Build Orders
End
Construct Section Command Post
Royal Engineer Section
Infantry Section
Selects Australian Defense Battlegroup
Selects Australian Light Infantry Section
Infantry Section
Australian Light Infantry Section
Grenade Package
Selects 2-pounder Anti-tank Gun Team
2-pounder Anti-tank Gun Team
Construct Field Infirmary
Construct Platoon Command Post
Unlock Bishop Self-propelled Artillery
Australian Light Infantry Section
Infantry Training
Mr Freemon
Attitude Adjuster
redcoat15
Toni T - The Damager
Vergil
Showerho
0
0
Comments
sign in to comment!
No comments posted yet!